 Dungeon Crawl Stone Soup version 0.32-a0-928-g1cae6b7ea0 (webtiles) character file.

Game seed: 9509745369727764939

5 INTERFACE0 the Caller (level 1, -1/13 HPs)
             Began as a Demonspawn Summoner on Apr 13, 2024.
             Slain by a giant cockroach (2 damage)
             ... on level 1 of the Dungeon.
             The game lasted 00:00:42 (91 turns).

INTERFACE0 the Caller (Demonspawn Summoner)           Turns: 91, Time: 00:00:43

Health: -1/13      AC:  2    Str:  8    XL:     1   Next: 66%
Magic:  2/3        EV: 11    Int: 15    God:
Gold:   34         SH:  0    Dex: 13    Spells: 3/4 levels left

rFire   . . .        (no weapon)
rCold   . . .        (no shield)
rNeg    . . .        a - +0 robe
rPois   .            (no helmet)
rElec   .            (no cloak)
rCorr   .            (no gloves)
SInv    .            (no boots)
Will    .....        (no amulet)
Stlth   ++           (no ring)
HPRegen 0.22/turn    (no ring)
MPRegen 0.08/turn

%: no passive effects
@: no status effects
A: no striking features
a: no special abilities


You were on level 1 of the Dungeon.
You visited 1 branch of the dungeon, and saw 1 of its levels.

You collected 34 gold pieces.

Inventory:

Armour
 a - a +0 robe (worn)
Scrolls
 d - 3 scrolls of identify {unknown}
Potions
 b - a potion of magic
 c - a potion of attraction {unknown}


   Skills:
 + Level 1.7 Dodging
 - Level 1.7 Stealth
 + Level 2.1 Spellcasting
 * Level 4.2 Summonings


You had 3 spell levels left.
You knew the following spells:

 Your Spells              Type           Power      Damage    Failure   Level
a - Summon Small Mammal   Summ           56%        N/A       3%          1

Your spell library contained the following spells:

 Spells                   Type           Power      Damage    Failure   Level
 Call Imp                 Summ           28%        N/A       6%          2
 Call Canine Familiar     Summ           14%        N/A       12%         3
 Summon Blazeheart Golem  Fire/Summ      7%         N/A       67%         4
 Summon Lightning Spire   Summ/Air       7%         N/A       67%         4


Dungeon Overview and Level Annotations

Branches:
Dungeon (1/15)

Altars:


Message History

The endoplasm hits your bat.
Your quokka bites the endoplasm.
The endoplasm dies!
You swap places.
You swap places.
You see here a frilled lizard corpse.
A quokka comes into view.
A giant cockroach comes into view.
Your bat barely misses the quokka.
Your bat disappears in a puff of smoke!
You closely miss the giant cockroach.
The giant cockroach bites you but does no damage.
Casting: Summon Small Mammal (safe; 3% risk of failure)
Confirm with . or Enter, or press ? or * to list all spells.
The quokka barely misses you. The giant cockroach barely misses you.
Your quokka completely misses the quokka.
The quokka completely misses you.
Your quokka barely misses the quokka.
The giant cockroach misses you. The quokka bites you.
Your quokka bites the quokka.
The giant cockroach barely misses your quokka.
Your quokka misses the quokka. The quokka attacks as it pursues you!
The quokka bites you.
Your quokka bites the quokka.
Your rat misses the giant cockroach.
Your quokka disappears in a puff of smoke!
The quokka attacks as it pursues you! The quokka misses you.
The quokka attacks as it pursues you! The quokka completely misses you.
The quokka bites you.
* * * LOW HITPOINT WARNING * * *
The quokka attacks as it pursues you! The quokka closely misses you.
The quokka attacks as it pursues you! The quokka closely misses you.
The giant cockroach attacks as it pursues you!
The giant cockroach barely misses you. The quokka attacks as it pursues you!
The quokka bites you but does no damage.
The giant cockroach attacks as it pursues you!
The giant cockroach bites you but does no damage.
The quokka bites you.
* * * LOW HITPOINT WARNING * * *
The giant cockroach attacks as it pursues you!
The giant cockroach bites you.
You die...

##.....#
###.###
##...# #..###
#.## ##.#
#..# .. #.##
#.. ##@#
##$.. ###B.#
.....##..r##
.....#.....##
#.. #....r..#
#.##.....>.#
.#......†...#
...........##
.####.......#


You could see a quokka (ally target), a giant cockroach and a friendly rat
(summoned).

Vanquished Creatures (collateral kills)
  An endoplasm (D:1)
  A hobgoblin (D:1)
  2 ball pythons (D:1)
  A frilled lizard (D:1)
5 creatures vanquished.

Notes
Turn   | Place    | Note
-------+----------+-------------------------------------------
     0 | D:1      | INTERFACE0 the Demonspawn Summoner began the quest for the
                  | Orb.
     0 | D:1      | Reached XP level 1. HP: 13/13 MP: 3/3
    91 | D:1      | Slain by a giant cockroach

Illustrated notes

Levels and vault maps discovered:
D:1:      lightli_arrival_statue_moat, layout_rooms, minmay_octomino_e4

Action                     || total
---------------------------++-------
  Melee: Unarmed           ||     1
   Cast: Summon Small Mamm ||     5
 Armour: Robe              ||    11
  Dodge: Dodged            ||    15

Table legend: (Time is in decaauts)
 A = Elapsed time spent in this place.
 B = Non-inter-level travel time spent in this place.
 C = Inter-level travel time spent in this place.
 D = Time resting spent in this place.
 E = Time spent auto-exploring this place.
 F = Levels seen in this place.
 G = Mean time per level.
                   A        B        C        D        E       F      G
               +--------+--------+--------+--------+--------+-----+--------+
         Total |     91 |     91 |      0 |      0 |     11 |   1 |   91.0 |
       Dungeon |     91 |     91 |      0 |      0 |     11 |   1 |   91.0 |
               +--------+--------+--------+--------+--------+-----+--------+

Top non-repeatable levels by time:
     D:1: 91 daAuts
